 Dungeon Crawl Stone Soup version 0.25.0-11-g1f837a76a1 (webtiles) character file.

Game seed: 3280176686597363508

225 Flugkiller the Slasher (level 5, 0/32 HPs)
             Began as a Deep Elf Chaos Knight on June 25, 2020.
             Was a Plaything of Xom.
             Splashed by Ijyb's acid (11 damage)
             ... on level 4 of the Dungeon.
             The game lasted 00:05:51 (4232 turns).

Flugkiller the Slasher (Deep Elf Chaos Knight)      Turns: 4232, Time: 00:05:52

Health: 0/32       AC:  6    Str:  9    XL:     5   Next: 68%
Magic:  5/11       EV: 13    Int: 17    God:    Xom [*.....]
Gold:   176        SH:  0    Dex: 15    Spells: 8/9 levels left

rFire    . . .     SeeInvis .   k - +2 dagger (drain)
rCold    . . .     Gourm    .   (no shield)
rNeg     . . .     Faith    .   b - +2 leather armour
rPois    +         Spirit   .   (no helmet)
rElec    .         Reflect  .   (no cloak)
rCorr    .         Harm     .   (no gloves)
MR       .....                  (no boots)
Stlth    ++........             (no amulet)
HPRegen  0.10/turn              e - ring of stealth
MPRegen  0.12/turn              (no ring)

@: no status effects
A: deterioration 1, poison resistance, shaggy fur 1, wild magic 1, MP-powered
wands
a: Renounce Religion


You were on level 4 of the Dungeon.
You worshipped Xom.
You were a special plaything of Xom.
You were not hungry.

You visited 1 branch of the dungeon, and saw 5 of its levels.

You collected 176 gold pieces.

Inventory:

Hand Weapons
 a - a +0 falchion of chaos
 k - a +2 dagger of draining (weapon)
   (You found it on level 4 of the Dungeon)
Missiles
 q - 63 stones (quivered)
Armour
 b - a +2 leather armour (worn)
Jewellery
 e - a ring of stealth (left hand)
   (You found it on level 1 of the Dungeon)
 u - an uncursed ring of protection from fire
   (You took it off a hobgoblin on level 3 of the Dungeon)
Wands
 r - a wand of acid (5)
   (You found it on level 3 of the Dungeon)
Scrolls
 f - a scroll of immolation {unknown}
 g - a scroll of identify
 i - a scroll of remove curse
 j - a scroll of magic mapping {unknown}
 p - a scroll of fear {unknown}
Potions
 d - a potion of curing
 h - a potion of invisibility {unknown}
 l - a potion of brilliance {unknown}
 m - a potion of heal wounds {unknown}
 n - 2 potions of stabbing
 o - a potion of degeneration {unknown}
 s - a potion of haste {unknown}
 t - a potion of ambrosia {unknown}
 v - a potion of might {unknown}
 w - a potion of cancellation {unknown}
Comestibles
 c - 3 rations


   Skills:
 - Level 2.9 Fighting
 - Level 3.6 Long Blades
 - Level 0.7 Armour
 - Level 3.2 Dodging
 + Level 2.9 Spellcasting
 * Level 3.5 Earth Magic


You had 8 spell levels left.
You knew the following spells:

 Your Spells              Type           Power        Failure   Level  Hunger
a - Sandblast             Erth           ###...       9%          1    None

Your spell library contained the following spells:

 Spells                   Type           Power        Failure   Level  Hunger
 Passwall                 Tmut/Erth      ##......     24%         2    ##.....
 Shock                    Conj/Air       #...         32%         1    None
 Stone Arrow              Conj/Erth      ##....       43%         3    ###....
 Swiftness                Chrm/Air       #.......     45%         2    ##.....
 Static Discharge         Conj/Air       #.......     67%         3    ###....
 Petrify                  Tmut/Erth      ##......     82%         4    ####...
 Lee's Rapid Deconstruct  Erth           ###.......   88%         5    ######.
 Airstrike                Air            #.........   96%         4    ####...
 Lightning Bolt           Conj/Air       #.........   100%        5    ######.


Dungeon Overview and Level Annotations

Branches:
Dungeon (5/15)
 Temple: D:4-7

Altars:
Hepliaklqana
Trog
Uskayaw
Xom

Annotations:
D:4 Ijyb


Innate Abilities, Weirdness & Mutations

Your body sometimes deteriorates upon taking damage.
Your system is resistant to poisons. (rPois)
You are covered in fur. (AC +1)
Your spells are a little harder to cast, but a little more powerful.
You expend magic power (3 MP) to strengthen your wands.


Message History

The worker ant bites you but does no damage.
Casting: Sandblast (safe; 10% risk of failure)
Confirm with . or Enter, or press ? or * to list all spells.
Aiming: Sandblast (safe; 10% risk of failure)
Press: ? - help, Shift-Dir - straight line, f - worker ant
Aim: a worker ant (lightly wounded)
The blast of sand hits the worker ant!
The worker ant is almost dead.
q - 64 stones The worker ant bites you.
Casting: Sandblast (safe; 10% risk of failure)
Confirm with . or Enter, or press ? or * to list all spells.
Aiming: Sandblast (safe; 10% risk of failure)
Press: ? - help, Shift-Dir - straight line, f/p - worker ant
Aim: a worker ant (almost dead)
The blast of sand hits the worker ant.
You kill the worker ant!
You feel your dexterity returning.
q - 63 stones You start resting.
Magic restored.
You start resting.
All of the chunks of flesh in your inventory have rotted away.
HP restored.
Okay, then.
Evoke which item? (* to show all) (? for menu, Esc to quit)
Okay, then.
Evoke which item? (* to show all) (? for menu, Esc to quit)
Aiming: Corrosive Bolt
Press: ? - help, Shift-Dir - straight line, f - you
Okay, then.
Evoke which item? (* to show all) (? for menu, Esc to quit)
Aiming: Corrosive Bolt
Press: ? - help, Shift-Dir - straight line, f - Ijyb
Aim: Ijyb, wielding a +0 club, wearing a +0 ring mail and carrying a wand of acid (6) (asleep)
You feel a surge of power!
The bolt of acid hits Ijyb!
Ijyb is splashed with acid.
The acid corrodes Ijyb!
Ijyb is heavily wounded.
Ijyb shouts!
Evoke which item? (* to show all) (? for menu, Esc to quit)
Aiming: Corrosive Bolt
Press: ? - help, Shift-Dir - straight line, f/p - Ijyb
Aim: Ijyb, wielding a +0 club, wearing a +0 ring mail and carrying a wand of acid (6) (heavily wounded, covered in acid)
You feel a surge of power!
The bolt of acid misses Ijyb.
Ijyb zaps a wand.
The bolt of acid hits you!!
Ouch! That really hurt!
* * * LOW HITPOINT WARNING * * *
You are splashed with acid!
You die...
Xom titters!

#.. #.# #.# #g###### #.#
#.#....# #.#### #.#.##.#
#.#... #.#.##.# #.#.##
######### #@#.##.# #.#.##
#.......# #.#.##.######.#.##
#.......###.#..............#
#......>....................
#.......#.#.#....##.....#..#
#.......#.#.#.#####.#####...
#######รท#.#.#.# #.#.###.##
#########.#.#.#.# #.#.....#
#...........#.#.#####.#.######


You could see Ijyb (corroded).

Vanquished Creatures
  An orc priest (D:4)
  An iguana (D:3)
  A worker ant (D:4)
  3 gnolls (D:4)
  An adder (D:3)
  3 worms (D:2)
  A dart slug (D:2)
  3 leopard geckos
  12 orcs
  2 ball pythons
  6 giant cockroaches
  10 goblins
  8 hobgoblins
  10 jackals
  A quokka (D:2)
  9 bats
  4 frilled lizards
  4 kobolds
  7 rats
87 creatures vanquished.

Notes
Turn   | Place    | Note
-------+----------+-------------------------------------------
     0 | D:1      | Flugkiller the Deep Elf Chaos Knight began the quest for
                  | the Orb.
     0 | D:1      | Reached XP level 1. HP: 13/13 MP: 3/3
    10 | D:1      | XOM: silly message
   210 | D:1      | XOM: noise
   477 | D:1      | Reached XP level 2. HP: 18/18 MP: 4/4
   844 | D:1      | XOM: cloud trail
   933 | D:1      | XOM is BORED!
   933 | D:1      | XOM: noise
   994 | D:1      | XOM: scenery: create altars
  1141 | D:1      | Reached XP level 3. HP: 22/22 MP: 5/5
  1253 | D:2      | XOM: butterfly on damage
  1988 | D:2      | Learned a level 1 spell: Sandblast
  2057 | D:2      | XOM: god gift: scroll labeled EMEITEUSSO {god gift}
  2077 | D:2      | XOM: give mutation
  2077 | D:2      | Gained mutation: Your body sometimes deteriorates upon
                  | taking damage. [Xom's mischief]
  2162 | D:2      | XOM: scenery: 1 doors open, 1 doors close
  2171 | D:2      | XOM: give mutations
  2171 | D:2      | Gained mutation: Your spells are a little harder to cast,
                  | but a little more powerful. [Xom's grace]
  2171 | D:2      | Gained mutation: Your system is resistant to poisons.
                  | (rPois) [Xom's grace]
  2171 | D:2      | Gained mutation: You expend magic power (3 MP) to
                  | strengthen your wands. [Xom's grace]
  2171 | D:2      | Gained mutation: You are covered in fur. (AC +1) [Xom's
                  | grace]
  2706 | D:3      | Reached XP level 4. HP: 27/27 MP: 6/6
  2841 | D:3      | Reached skill level 1 in Earth Magic
  2883 | D:3      | XOM: confuse monster(s)
  2898 | D:3      | Reached skill level 1 in Spellcasting
  3063 | D:3      | XOM: god gift: 5 atropa-tipped darts
  3213 | D:3      | Found a hide-covered altar of Uskayaw.
  3380 | D:3      | Found a bloodstained altar of Trog.
  3478 | D:4      | Found a hazy altar of Hepliaklqana.
  3501 | D:4      | Reached XP level 5. HP: 32/32 MP: 4/10
  3597 | D:4      | XOM: confusion (+ monsters)
  3625 | D:4      | XOM: confusion (+ monsters)
  3635 | D:4      | Noticed a glowing shapeshifter
  3635 | D:4      | an orc changed into a glowing shapeshifter
  3635 | D:4      | Noticed a faun
  3635 | D:4      | a glowing shapeshifter changed into a faun
  3636 | D:4      | Noticed a manticore
  3636 | D:4      | a faun changed into a manticore
  3639 | D:4      | Noticed a glowing shapeshifter
  3639 | D:4      | a manticore changed into a glowing shapeshifter
  3640 | D:4      | Noticed a water nymph
  3640 | D:4      | a glowing shapeshifter changed into a water nymph
  3644 | D:4      | Noticed a shock serpent
  3647 | D:4      | Noticed a glowing orange brain
  3647 | D:4      | a shock serpent changed into a glowing orange brain
  3648 | D:4      | XOM: enchant monster (good)
  3650 | D:4      | XOM: god gift: book of Air
  3655 | D:4      | Noticed an anaconda
  3655 | D:4      | a glowing orange brain changed into an anaconda
  3884 | D:5      | XOM: stealth player
  3884 | D:5      | Entered Level 5 of the Dungeon
  3893 | D:5      | XOM: scenery: create altars
  3900 | D:4      | XOM: polymorph jackal -> giant cockroach
  4111 | D:4      | Noticed Ijyb
  4232 | D:4      | Splashed by Ijyb's acid

Illustrated notes

Levels and vault maps discovered:
D:1:      dpeg_arrival_pond, layout_loops_corners, moated_statue
D:2:      layout_loops_corners
D:3:      layout_loops_cross, lemuel_round_altar, lemuel_coloured_pillars_altar,
          first_ration
D:4:      layout_basic, kennysheep_little_box, lemuel_doored_altar,
          dk_xom_monty_hall, uniq_ijyb
D:5:      layout_cave_pools, elyvilon_altar_5, lemuel_round_altar,
          cheibriados_altar_1, overflow_temple_1_default

Skill      XL: |  1  2  3  4  5 |
---------------+----------------+-----
Long Blades    | 3 |  3.6
Dodging        | 3 |  3.2
Earth Magic    | 2 3 |  3.5
Spellcasting   | 2 |  2.9
Fighting       | |  2.9
Armour         | |  0.7

Action                   |  1- 3 |  4- 6 || total
-------------------------+-------+-------++-------
Melee: Falchion          |   148 |    73 ||   221
       Dagger            |       |    20 ||    20
 Cast: Sandblast         |       |    16 ||    16
Evoke: Wand              |       |     2 ||     2
  Use: Scroll            |       |     3 ||     3
       Potion            |       |     2 ||     2
 Stab: Sleeping          |     5 |     1 ||     6
       Distracted        |     1 |       ||     1
       Petrified         |     1 |       ||     1
  Eat: Chunk             |     6 |     5 ||    11
Armor: Leather armour    |    29 |    46 ||    75
Dodge: Dodged            |   103 |    84 ||   187
       Rpst.: Falchion   |    37 |    14 ||    51
